 Dungeon Crawl Stone Soup version 0.27-a0-1595-g0b823d0a13 (webtiles) character file.

Game seed: 12264923508704000066

626 avis the Insei (level 7, -1/48 HPs)
             Began as an Octopode Transmuter on July 21, 2021.
             Was an Initiate of Gozag.
             Killed from afar by Blork the orc (8 damage)
             ... with a puff of flame
             ... on level 4 of the Dungeon.
             The game lasted 00:23:38 (6283 turns).

avis the Insei (Octopode Transmuter)                Turns: 6283, Time: 00:23:38

Health: -1/48      AC:  2    Str: 11    XL:     7   Next: 47%
Magic:  6/10       EV: 20    Int: 16    God:    Gozag
Gold:   201        SH:  0    Dex: 17    Spells: 2/10 levels left

rFire    . . .     SeeInvis .     - Unarmed
rCold    + . .     Faith    .   (shield currently unavailable)
rNeg     . . .     Spirit   .   (helmet currently unavailable)
rPois    x         Reflect  .   (no amulet)
rElec    .         Harm     .   k - ring of wizardry
rCorr    .         Rampage  .   o - ring of protection from cold
Will     .....                  (no ring)
Stlth    ++........             (no ring)
HPRegen  0.16/turn              (no ring)
MPRegen  0.12/turn              (no ring)
                                (no ring)
                                (no ring)

@: spider-form
A: venomous fangs, almost no armour, (amphibious), 8 rings, tiny, (camouflage
1), (gelatinous body 1), (nimble swimmer 1), (tentacles)
a: End Transformation, Renounce Religion, Potion Petition, Call Merchant, Bribe
Branch


You were on level 4 of the Dungeon.
You worshipped Gozag.
Gozag was aware of your devotion.
You were a venomous arachnid creature.
You visited 2 branches of the dungeon, and saw 5 of its levels.

You collected 257 gold pieces.
You paid 56 gold pieces to Gozag.

Inventory:

Hand Weapons
 i - a +0 dagger of venom
Missiles
 c - 170 stones
 f - 2 boomerangs
 g - 2 javelins
 j - 62 bolts
 n - 17 poisoned darts
Magical Staves
 m - a staff of poison (melded)
Jewellery
 k - a ring of wizardry (left front leg)
 o - a ring of protection from cold (right front leg)
Wands
 d - a wand of polymorph (5)
Scrolls
 a - 2 scrolls of identify {unknown}
 b - a scroll of enchant armour {unknown}
 e - 2 scrolls of teleportation {unknown}
 h - a scroll of brand weapon {unknown}
 l - a scroll of blinking {unknown}
 p - a scroll of vulnerability {unknown}
 q - a scroll of holy word {unknown}


   Skills:
 + Level 4.0 Fighting
 - Level 3.0 Dodging
 - Level 3.0 Stealth
 * Level 5.9 Unarmed Combat
 - Level 2.0 Spellcasting
 - Level 3.0 Transmutations
 - Level 2.0 Poison Magic


You had 2 spell levels left.
You knew the following spells:

 Your Spells              Type           Power      Damage    Failure   Level
a - Beastly Appendage     Tmut           22%        N/A       7%          1
p - Spider Form           Tmut/Pois      4%         N/A       19%         3
q - Ice Form              Ice/Tmut       6%         N/A       56%         4

Your spell library contained the following spells:

 Spells                   Type           Power      Damage    Failure   Level
 Wereblood                Tmut           11%        N/A       9%          2


Dungeon Overview and Level Annotations

Branches:
Dungeon (4/15)             Temple (1/1) D:4

Altars:
Ashenzari
Cheibriados
Dithmenos
Elyvilon
Fedhas
Gozag
Hepliaklqana
Kikubaaqudgha
Makhleb
Nemelex Xobeh
Okawaru
Qazlal
Ru
Trog
Uskayaw
Vehumet
Wu Jian
Xom
Yredelemnul
Zin
The Shining One

Annotations:
D:3 1 runed translucent door, Crazy Yiuf
D:4 Blork the orc


Innate Abilities, Weirdness & Mutations

You are a venomous arachnid creature.
You have poisonous fangs.
You are tiny and dextrous.
Your spellcasting is less reliable in this form.
Your armour is entirely melded.
You are incapable of wielding weapons or throwing items.
You cannot wear most types of armour.
((You are amphibious.))
You can wear up to eight rings at the same time.
((Your skin changes colour to match your surroundings (Stealth+).))
((Your rubbery body absorbs attacks. (AC +1, EV +1)))
((You are camouflaged near water. (Stealth+)))
((You have tentacles for arms and can constrict up to eight enemies at once.))


Message History

You feel a surge of power!
You turn into a venomous arachnid creature.
Your staff of poison melds into your body.
The helpless Blork the orc fails to defend himself.
You bite Blork the orc!
Blork the orc looks as sick as possible!
Blork the orc is moderately wounded.
Blork the orc screams, "I'll break your legs!"
Blork the orc hits you with a +4 short sword of distortion!
Space bends around you.
Blork the orc gestures wildly while chanting.
Blork the orc seems to speed up.
Your transformation is almost over.
Blork the orc points at you and mumbles some strange words.
The puff of flame hits you!
Blork the orc begins to cast a cantrip, but forgets the words!
You hit Blork the orc.
Blork the orc is almost dead.
Blork the orc gestures at you while chanting.
The puff of frost hits you. You resist. Blork the orc barely misses you.
Your transformation has ended.
Your staff of poison unmelds from your body.
Blork the orc gestures at you while chanting.
The puff of flame hits you.
* * * LOW HITPOINT WARNING * * *
Casting: Spider Form (dangerous; 9% risk of failure)
Confirm with . or Enter, or press ? or * to list all spells.
You feel a surge of power!
You turn into a venomous arachnid creature.
Your staff of poison melds into your body.
Blork the orc points at you and mumbles some strange words.
The magic dart hits you.
* * * LOW HITPOINT WARNING * * *
Blork the orc casts a spell at you. The puff of frost misses you.
Blork the orc casts a spell at you. The puff of flame hits you!
You die...
Your body crumbles into a pile of gold.

#.#######.###.####
#.........# #.#
########### #.# #####
##.########### ##...#
#.....[......# ....#
#..#########<######
... ##...## #.......
#.# #.....# #..####.
#.# ##.s.## #..# #.
##.## #..## #..####.
#...######o.# #.....#.
#...........# ##.##.#.
#...#######'## #.##.#.
##### ##...## #......
##.....## #######.##
##.......## #.........
#.........###....##.#.


You could see Blork the orc (fast, very poisoned).

Vanquished Creatures
  A wyvern (D:4)
  Sigmund (D:4)
  A black bear (D:4)
  A phantom (D:4)
  A bullfrog skeleton (D:4)
  Ijyb (D:1)
  A hound skeleton (D:4)
  2 adders (D:2)
  An adder skeleton (D:4)
  A worm (D:4)
  3 dart slugs
  An orc (D:3)
  5 bats
  8 endoplasms
  4 giant cockroaches
  14 goblins
  6 hobgoblins
  7 jackals
  6 kobolds
  3 quokkas
  6 ball pythons
  2 frilled lizards
  4 rats
80 creatures vanquished.

Notes
Turn   | Place    | Note
-------+----------+-------------------------------------------
     0 | D:1      | avis the Octopode Transmuter began the quest for the Orb.
     0 | D:1      | Reached XP level 1. HP: 13/13 MP: 3/3
    48 | D:1      | Reached skill level 1 in Stealth
   292 | D:1      | Reached XP level 2. HP: 10/18 MP: 3/5
   841 | D:1      | Reached skill level 1 in Poison Magic
   951 | D:2      | Noticed Ijyb
   961 | D:1      | Reached XP level 3. HP: 17/24 MP: 4/6
   967 | D:1      | Learned a level 3 spell: Spider Form
  1399 | D:1      | Killed Ijyb
  1915 | D:2      | Reached XP level 4. HP: 30/30 MP: 4/7
  3368 | D:3      | Found a faded altar of an unknown god.
  3823 | D:3      | Found a runed translucent door.
  3824 | D:3      | Noticed Crazy Yiuf
  4256 | D:4      | Noticed Sigmund
  4271 | D:4      | Killed Sigmund
  4272 | D:4      | Reached skill level 4 in Unarmed Combat
  4272 | D:4      | Reached XP level 5. HP: 20/37 MP: 5/8
  4272 | D:4      | Reached XP level 6. HP: 23/43 MP: 5/9
  4592 | D:4      | Learned a level 4 spell: Ice Form
  4683 | D:4      | Reached skill level 5 in Unarmed Combat
  4860 | D:4      | Found a staircase to the Ecumenical Temple.
  4866 | Temple   | Entered the Ecumenical Temple
  5498 | Temple   | Became a worshipper of Gozag Ym Sagoz the Greedy
  5605 | D:4      | Noticed a black bear
  5611 | D:4      | Killed a black bear
  5749 | D:4      | Noticed a wyvern
  5754 | D:4      | Killed a wyvern
  5755 | D:4      | Reached XP level 7. HP: 21/48 MP: 6/10
  6260 | D:4      | Noticed Blork the orc
  6283 | D:4      | Killed from afar by Blork the orc

Illustrated notes

Levels and vault maps discovered:
D:1:      lightli_arrival_windingriver, layout_rooms
D:2:      kennysheep_the_goblin_king, layout_loops_ring
D:3:      layout_basic, dreamdust_ecumenical_altar_angels_and_demons,
          uniq_crazy_yiuf_cottage
D:4:      layout_loops_corners, minmay_temple_entry_waves,
          chequers_serial_rivers_micro_a, kennysheep_decorative_pillar,
          uniq_blork_the_orc, uniq_sigmund
Temple:   nicolae_temple_the_god_donut

Skill      XL: |  1  2  3  4  5  6 |
---------------+-------------------+-----
Stealth        | 2 3 |  3.0
Fighting       | 2 4 |  4.0
Poison Magic   | 1 2 |  2.0
Unarmed Combat | 4 5 |  5.9
Dodging        | 3 |  3.0
Transmutations | 3 |  3.0
Spellcasting   | |  2.0

Action                   |  1- 3 |  4- 6 |  7- 9 || total
-------------------------+-------+-------+-------++-------
Melee: Unarmed           |    31 |   105 |    11 ||   147
       Dagger            |    33 |    13 |       ||    46
       Tentacles         |    10 |     5 |       ||    15
       Constrict         |    13 |     6 |       ||    19
       Kick              |     7 |     2 |       ||     9
       Staff             |       |     3 |       ||     3
 Cast: Beastly Appendage |    16 |     4 |       ||    20
       Spider Form       |     6 |    33 |     3 ||    42
  Use: Potion            |     1 |     2 |       ||     3
 Stab: Sleeping          |     5 |     5 |     2 ||    12
Armor: Skin              |     5 |     6 |       ||    11
Dodge: Dodged            |    50 |    85 |     6 ||   141

Table legend: (Time is in decaauts)
 A = Elapsed time spent in this place.
 B = Non-inter-level travel time spent in this place.
 C = Inter-level travel time spent in this place.
 D = Time resting spent in this place.
 E = Time spent auto-exploring this place.
 F = Levels seen in this place.
 G = Mean time per level.
                   A        B        C        D        E       F      G
               +--------+--------+--------+--------+--------+-----+--------+
         Total |   6281 |   5954 |    327 |   2088 |   2778 |   5 | 1256.2 |
       Dungeon |   5639 |   5365 |    274 |   2088 |   2192 |   4 | 1409.8 |
        Temple |    641 |    588 |     53 |      0 |    586 |   1 |  641.0 |
               +--------+--------+--------+--------+--------+-----+--------+

Top non-repeatable levels by time:
     D:1: 1822 daAuts
     D:4: 1396 daAuts
     D:2: 1320 daAuts
     D:3: 1099 daAuts
  Temple: 641 daAuts
